 Dungeon Crawl Stone Soup version 0.17.1-3-g152610e (webtiles) character file.

3702 Alarkh the Cleaver (level 9, -1/61 HPs)
             Began as a Mummy Skald on Apr 17, 2016.
             Was a High Priest of Okawaru.
             Slain by a giant frog (2 damage)
             ... on level 7 of the Dungeon.
             The game lasted 00:14:51 (8776 turns).

Alarkh the Cleaver (Mummy Skald)                    Turns: 8776, Time: 00:14:52

Health: -1/61      AC:  9    Str: 15    XL:     9   Next: 91%
Magic:  21/21      EV: 11    Int: 21    God:    Okawaru [*****.]
Gold:   433        SH:  0    Dex: 11    Spells: 4 memorised, 4 levels left

rFire  x . .     SeeInvis .     s - +1 war axe of Shame {venom, rElec Int+6}
rCold  + . .     Clarity  .     b - +0 leather armour
rNeg   + + +     SustAt   .     (no shield)
rPois  ∞         Gourm    .     h - +2 helmet
rElec  +         Spirit   .     (no cloak)
rCorr  .         Warding  .     f - +0 pair of gloves
rMut   +         Stasis   .     i - +1 pair of boots
MR     +....                    p - amulet of resist mutation
Stlth  ..........               o - ring of loudness (curse)
                                d - ring of magical power

@: somewhat resistant to hostile enchantments, extremely unstealthy
A: no food or potions, fire vulnerability, cold resistance 1, negative energy
resistance 3, torment resistance, unbreathing
a: Heroism, Finesse, Renounce Religion


You were on level 7 of the Dungeon.
You worshipped Okawaru.
Okawaru was extremely pleased with you.
You were not hungry.

You visited 2 branches of the dungeon, and saw 8 of its levels.

You collected 433 gold pieces.

Inventory:

Hand Weapons
 a - a +0 hand axe
 j - a +0 hand axe of venom
 s - the +1 war axe of Shame (weapon) {venom, rElec Int+6}
   (You found it on level 5 of the Dungeon)

   It poisons the flesh of those it strikes.
   It affects your intelligence (+6).
   It insulates you from electricity.
 w - the +2 war axe "Cunwoum" {freeze, MP+9 Dex+4}
   (You found it on level 7 of the Dungeon)

   It has been specially enchanted to freeze those struck by it, causing extra
   injury to most foes and up to half again as much damage against particularly
   susceptible opponents.
   It can also slow down cold-blooded creatures.
   It affects your dexterity (+4).
   It affects your magic capacity (+9).
Missiles
 r - 2 throwing nets (quivered)
Armour
 b - a +0 leather armour (worn)
 f - a +0 pair of gloves (worn)
 h - a +2 helmet (worn)
 i - a +1 pair of boots (worn)
Jewellery
 d - a ring of magical power (left hand)
 o - a cursed ring of loudness (right hand)
 p - an amulet of resist mutation (around neck)
Wands
 t - a wand of frost (31)
 v - a wand of fire (7)
Scrolls
 e - a scroll of remove curse
 g - a scroll of noise
 k - 2 scrolls of teleportation
 l - a scroll of immolation
 m - a scroll of fog {unknown}
 n - a scroll of recharging {unknown}
 q - a scroll of magic mapping {unknown}
 u - a scroll of enchant weapon {unknown}
Books
 c - a book of Battle

   Spells                             Type                      Level
   a - Infusion                       Charms                       1
   b - Shroud of Golubria             Charms/Translocation         2
   c - Song of Slaying                Charms                       2
   d - Spectral Weapon                Hexes/Charms                 3
   e - Regeneration                   Charms/Necromancy            3


   Skills:
 - Level 2.0 Fighting
 + Level 11.8 Axes
 - Level 0.7 Armour
 - Level 0.7 Dodging
 - Level 2.0 Spellcasting
 - Level 2.4 Charms


You had 4 spell levels left.
You knew the following spells:

 Your Spells              Type           Power        Failure   Level  Hunger
a - Shroud of Golubria    Chrm/Tloc      #.........   17%         2    N/A
b - Song of Slaying       Chrm           ##......     12%         2    N/A
c - Spectral Weapon       Hex/Chrm       #.......     34%         3    N/A
e - Infusion              Chrm           ##....       10%         1    N/A

Dungeon Overview and Level Annotations

Branches:
Dungeon (7/15)             Temple (1/1) D:6

Altars:
Ashenzari
Cheibriados
Dithmenos
Elyvilon
Fedhas
Gozag
Kikubaaqudgha
Makhleb
Nemelex Xobeh
Okawaru
Ru
Sif Muna
Trog
Xom
Yredelemnul
Zin


Innate Abilities, Weirdness & Mutations

You do not eat or drink.
Your flesh is vulnerable to fire.
You are immune to poison.
Your flesh is cold resistant.
You are immune to negative energy.
You are immune to unholy pain and torment.
You can survive without breathing.


Message History

You climb downwards.
There is a stone staircase leading up here.
Unknown command.
Read which item? (? for menu, Esc to quit)
Okay, then.
Evoke which item? (* to show all) (? for menu, Esc to quit)
Zapping:
v - a wand of fire (8)
Press: ? - help, Shift-Dir - straight line, f - adder
Aim: an adder The bolt of fire misses the giant frog.
The bolt of fire hits the adder.
You kill the adder!
Okawaru accepts your kill.
This wand has 7 charges left.
The giant frog hits you.
* * * LOW HITPOINT WARNING * * *
Read which item? (? for menu, Esc to quit)
Okay, then.
You slash the giant frog!
The giant frog is poisoned.
The giant frog is almost dead.
The giant frog hits you.
You die...

# #...# ..#####
#####.############.....S.
.[................#
#.........#######.#
#.........# #.#
#..†......# #.#
#.........## #†#
#..........######F###
#).........#....@...#
#..........#.##.###.#
#.........<#.##.# #.#
#..........#.##.# #.#
########.#.##.# #.#
#.#.##.# #.# #......# #.#
#.#.##.###.#
#.......##.####.


You could see a giant frog.

Vanquished Creatures
  A hill giant (D:6)
  The ghost of hannobal the Sneak, a novice OpAs of Vehumet (D:6)
  Prince Ribbit (D:7)
  The ghost of bollicks1999 the Covert, an amateur OpAs (D:4)
  A trapdoor spider (D:6)
  Edmund (D:6)
  A water moccasin (D:7)
  2 ogres
  A black bear (D:5)
  2 phantoms
  2 centaurs
  A giant frog (D:7)
  A water moccasin zombie (D:7)
  A gnoll sergeant (D:4)
  A scorpion (D:6)
  4 crimson imps (D:5)
  2 orc wizards
  3 hounds
  A gnoll shaman (D:4)
  A giant frog skeleton (D:6)
  2 iguanas
  3 worker ants
  2 worker ant zombies
  54 gnolls
  11 adders
  4 oozes
  An adder zombie (D:6)
  An adder skeleton (D:4)
  2 worms
  6 giant geckos
  25 orcs
  9 bats
  4 giant cockroaches
  6 goblins
  8 hobgoblins
  18 jackals (D:4)
  10 kobolds
  9 quokkas
  2 ball pythons
  4 giant newts
  A quokka skeleton (D:4)
  9 rats
220 creatures vanquished.

Vanquished Creatures (others)
  An orc warrior (D:7)
  A centaur (D:7)
  2 spectral weapons (D:6)
4 creatures vanquished.

Grand Total: 224 creatures vanquished

Notes
Turn   | Place    | Note
--------------------------------------------------------------
     0 | D:1      | Alarkh the Mummy Skald began the quest for the Orb.
     0 | D:1      | Reached XP level 1. HP: 16/16 MP: 3/3
   459 | D:1      | Reached XP level 2. HP: 15/22 MP: 0/5
   923 | D:1      | Reached XP level 3. HP: 27/27 MP: 6/6
  1017 | D:2      | Reached skill level 3 in Axes
  1027 | D:2      | Found an iron altar of Okawaru.
  1085 | D:2      | Became a worshipper of Warmaster Okawaru
  1504 | D:2      | Learned a level 2 spell: Song of Slaying
  1507 | D:2      | Learned a level 2 spell: Shroud of Golubria
  1854 | D:2      | Found a faded altar to an unknown god.
  1891 | D:2      | Reached XP level 4. HP: 25/33 MP: 7/7
  2562 | D:3      | Found an iron altar of Okawaru.
  2702 | D:3      | Reached skill level 4 in Axes
  2924 | D:4      | Reached XP level 5. HP: 38/38 MP: 8/8
  3038 | D:4      | Noticed an ogre
  3053 | D:4      | Reached * piety under Okawaru
  3060 | D:4      | Killed an ogre
  3060 | D:4      | Reached skill level 5 in Axes
  3060 | D:4      | Reached XP level 6. HP: 13/44 MP: 7/9
  3549 | D:4      | Reached skill level 6 in Axes
  3586 | D:4      | Noticed a wasp
  3620 | D:5      | Entered Level 5 of the Dungeon
  3656 | D:5      | Reached ** piety under Okawaru
  3875 | D:5      | Reached XP level 7. HP: 37/50 MP: 2/10
  4336 | D:4      | Reached skill level 7 in Axes
  4648 | D:4      | Noticed bollicks1999's ghost (amateur OpAs)
  5087 | D:4      | Killed bollicks1999's ghost
  5087 | D:4      | Reached skill level 8 in Axes
  5087 | D:4      | Reached XP level 8. HP: 56/56 MP: 9/11
  6189 | D:4      | Reached *** piety under Okawaru
  6507 | D:5      | Reached skill level 9 in Axes
  6586 | D:5      | Got a twisted war axe
  6587 | D:5      | Identified the +1 war axe of Shame {venom, rElec Int+6} (You found it on level 5 of the Dungeon)
  6694 | D:5      | Found a snail-covered altar of Cheibriados.
  6720 | D:5      | Found a glowing silver altar of Zin.
  6853 | D:5      | Found a deep blue altar of Sif Muna.
  7179 | D:6      | Noticed hannobal's ghost (novice OpAs)
  7208 | D:6      | Killed hannobal's ghost
  7208 | D:6      | Reached skill level 10 in Axes
  7208 | D:6      | Reached XP level 9. HP: 52/61 MP: 12/12
  7272 | D:6      | Learned a level 3 spell: Spectral Weapon
  7311 | D:6      | Found a staircase to the Ecumenical Temple.
  7372 | Temple   | Entered the Ecumenical Temple
  7840 | D:6      | Noticed Edmund
  7850 | D:6      | Killed Edmund
  7850 | D:6      | Reached **** piety under Okawaru
  7911 | D:6      | Found a shattered altar of Ashenzari.
  8059 | D:5      | Found a shadowy altar of Dithmenos.
  8142 | D:7      | Found a shimmering altar of Xom.
  8391 | D:7      | Found a glowing silver altar of Zin.
  8391 | D:7      | Found an opulent altar of Gozag.
  8458 | D:7      | Noticed Prince Ribbit
  8549 | D:7      | Killed Prince Ribbit
  8549 | D:7      | Reached skill level 11 in Axes
  8553 | D:7      | Got a dazzling war axe
  8554 | D:7      | Identified the +2 war axe "Cunwoum" {freeze, MP+9 Dex+4} (You found it on level 7 of the Dungeon)
  8706 | D:6      | Noticed a hill giant
  8713 | D:6      | Killed a hill giant
  8713 | D:6      | Reached ***** piety under Okawaru
  8745 | D:6      | Noticed a cyclops
  8773 | D:6      | HP: 1/61 [giant frog (3)]
  8776 | D:7      | Slain by a giant frog

Action                   |  1- 3 |  4- 6 |  7- 9 || total
-------------------------+-------+-------+-------++-------
Melee: Hand axe          |   131 |   208 |   310 ||   649
       War axe           |       |       |   175 ||   175
Throw: Throwing net      |       |       |     1 ||     1
 Cast: Infusion          |    25 |    13 |     6 ||    44
       Shroud of Golubri |     1 |    12 |    24 ||    37
       Song of Slaying   |       |     1 |     1 ||     2
       Spectral Weapon   |       |       |     8 ||     8
Invok: Heroism           |       |       |     1 ||     1
Evoke: Wand              |       |       |     1 ||     1
  Use: Scroll            |       |     1 |     4 ||     5
 Stab: Distracted        |       |       |     1 ||     1
